 Dungeon Crawl Stone Soup version 0.21-a0-71-g5e5ddd2 (webtiles) character file.

60 xgamer67 the Bolt Thrower (level 4, 0/28 HPs)
             Began as a Kobold Hunter on June 19, 2017.
             Slain by Grinder (10 damage)
             ... while paralysed by Grinder
             ... on level 3 of the Dungeon.
             The game lasted 00:05:22 (2905 turns).

xgamer67 the Bolt Thrower (Kobold Hunter)           Turns: 2905, Time: 00:05:23

Health: 0/28       AC:  3    Str: 10    XL:     4   Next: 24%
Magic:  4/4        EV:  3    Int: 12    God:
Gold:   86         SH:  0    Dex: 15    Spells: 3/3 levels left

rFire    . . .     SeeInvis .   a - +2 hand crossbow
rCold    . . .     Gourm    .   (shield restricted)
rNeg     . . .     Faith    .   c - +0 leather armour
rPois    .         Spirit   .   (no helmet)
rElec    .         Reflect  .   (no cloak)
rCorr    .         Harm     .   (no gloves)
MR       .....                  (no boots)
Stlth    ++........             (no amulet)
HPRegen  0.09/turn              (no ring)
MPRegen  0.09/turn              (no ring)

@: paralysed
A: carnivore 3
a: no special abilities


You were on level 3 of the Dungeon.
You were completely stuffed.

You visited 1 branch of the dungeon, and saw 3 of its levels.

You collected 86 gold pieces.

Inventory:

Hand Weapons
 a - a +2 hand crossbow (weapon)
 b - a +0 dagger
Missiles
 d - 12 bolts (quivered)
 e - a throwing net
Armour
 c - a +0 leather armour (worn)
Scrolls
 g - 4 scrolls of identify
 h - a scroll of teleportation
 j - a scroll of amnesia {unknown}
Potions
 i - a potion of invisibility
 p - a potion of agility
Comestibles
 f - 3 meat rations
 q - a royal jelly
 r - a chunk of flesh


   Skills:
 + Level 3.3 Fighting
 + Level 5.9 Crossbows
 - Level 2.4 Dodging
 - Level 1.3 Stealth


You had 3 spell levels left.
You didn't know any spells.

Dungeon Overview and Level Annotations

Branches:
Dungeon (3/15)

Altars:

Annotations:
D:3 Grinder


Innate Abilities, Weirdness & Mutations

You are small and have problems with some larger weapons.
You are carnivorous and can eat meat at any time.


Message History

Press: ? - help, Shift-Dir - straight line, f/p - Grinder
Aim: Grinder (moderately wounded, unusually agile)
You shoot a bolt. The bolt hits Grinder!
Grinder is heavily wounded.
Grinder gestures at you. You resist with significant effort.
Grinder says, "Wait up."
Grinder hits you!
You writhe in agony.
Firing (i - inventory. (,) - cycle):
d - 13 bolts (quivered)
Press: ? - help, Shift-Dir - straight line, f/p - Grinder
Aim: Grinder (heavily wounded, unusually agile)
You shoot a bolt. The bolt hits Grinder!
Grinder is severely wounded.
Grinder gestures at you.
You suddenly lose the ability to move!
Grinder gestures at you.
You shrug off the repeated paralysis!
Grinder hits you.
You writhe in agony.
Grinder hits you!
You die...

#.# ##########.##....#... #.#
#....................
####.###.########.##.###..#.
#........# #.##........
#..####### ##.##.####.## #..#
#######...#.# ##.* #..#
#...........# *#, #..#
####.#####...#.# ** #..#
#....@......##.# #..#
#.##5########*,#*
#..#***,#(>,,,,,,,,,,,*
#.>.**,....,,,,,,***,*******
***,,,,,.....,,,,,,,,,,,,,,,,,
*,,,,,.((....,,,,*,*,,,,,,,,,,
*,****###..#.,,,,,,,,,,,,*,,*,
*,* #...#,,,,*,*,,,,*,,,,* *,*
**********,***********


You could see Grinder.

Vanquished Creatures
  2 adders (D:2)
  A worm (D:2)
  2 leopard geckos (D:2)
  4 goblins
  3 hobgoblins (D:2)
  2 jackals (D:1)
  A quokka (D:2)
  A ball python (D:2)
  8 bats
  2 frilled lizards
  6 kobolds
  5 rats
37 creatures vanquished.

Notes
Turn   | Place    | Note
-------+----------+-------------------------------------------
     0 | D:1      | xgamer67 the Kobold Hunter began the quest for the Orb.
     0 | D:1      | Reached XP level 1. HP: 12/12 MP: 1/1
   149 | D:1      | Reached skill level 5 in Crossbows
   260 | D:1      | Reached XP level 2. HP: 15/18 MP: 2/2
   964 | D:2      | Reached XP level 3. HP: 22/22 MP: 3/3
  2430 | D:2      | Reached XP level 4. HP: 14/28 MP: 4/4
  2895 | D:3      | Noticed Grinder
  2902 | D:3      | Paralysed by Grinder for 6 turns
  2905 | D:3      | Slain by Grinder

Vault maps used:
D:1:      minmay_arrival_open_corners
D:3:      wad_river_or_something, grunt_temple_overflow_holy_war,
          nicolae_overflow_crystal_walls, uniq_jessica, uniq_robin, uniq_grinder

Skill      XL: |  1  2  3 |
---------------+----------+-----
Crossbows      | 5 |  5.9
Fighting       | 3 |  3.3
Dodging        | |  2.4
Stealth        | |  1.3

Action                   |  1- 3 |  4- 6 || total
-------------------------+-------+-------++-------
Melee: Short sword       |    50 |       ||    50
       Dagger            |   121 |    14 ||   135
 Fire: Hand crossbow     |    18 |     6 ||    24
  Use: Scroll            |       |     9 ||     9
 Stab: Sleeping          |     2 |       ||     2
  Eat: Chunk             |    12 |     3 ||    15
Armor: Leather armour    |    30 |     1 ||    31
Dodge: Dodged            |   138 |    16 ||   154
